 Dungeon Crawl Stone Soup version 0.22-a0-284-g99d1f74 (webtiles) character file.

21497 b5mith the Carver (level 12, -39/113 HPs)
             Began as a Minotaur Berserker on Mar 22, 2018.
             Was a High Priest of Trog.
             Killed from afar by a wizard (44 damage)
             ... with an orb of energy
             ... on level 13 of the Dungeon.
             The game lasted 00:51:28 (15457 turns).

b5mith the Carver (Minotaur Berserker)             Turns: 15457, Time: 00:51:29

Health: -39/113    AC: 17    Str: 30    XL:     12   Next: 54%
Magic:  11/11      EV: 16    Int:  4    God:    Trog [*****.]
Gold:   378        SH:  0    Dex: 12    Spells: 11/11 levels left

rFire    + + .     SeeInvis +   a - +0 falchion "Viatia" {slice, *Rage +Inv rPois rN++}
rCold    x . .     Gourm    .   (no shield)
rNeg     + + .     Faith    .   f - +1 fire dragon scales
rPois    +         Spirit   .   d - +0 hat
rElec    .         Reflect  .   N - +0 cloak {rPois}
rCorr    .         Harm     +   (no gloves)
MR       .....     Rnd*Rage +   w - +1 pair of boots
Stlth    ..........             R - amulet of harm
HPRegen  0.28/turn              T - +5 ring of strength
MPRegen  0.12/turn              I - ring of see invisible

@: berserk cooldown, slowed, very slow
A: retaliatory headbutt, horns 2
a: Berserk, Trog's Hand, Brothers in Arms, Renounce Religion, Evoke Invisibility


You were on level 13 of the Dungeon.
You worshipped Trog.
Trog was extremely pleased with you.
You were hungry.

You visited 1 branch of the dungeon, and saw 13 of its levels.

You collected 819 gold pieces.
You spent 441 gold pieces at shops.

Inventory:

Hand Weapons
 a - the +0 falchion "Viatia" (weapon) {slice, *Rage +Inv rPois rN++}
   (You bought it in a shop on level 10 of the Dungeon)

   It inflicts extra damage upon your enemies.
   It protects you from poison.
   It greatly protects you from negative energy.
   It lets you turn invisible.
   It may make you go berserk in combat.
 b - a +1 hunting sling of flaming
 Y - a +2 falchion of holy wrath
Missiles
 q - 449 stones (quivered)
 C - 5 steel tomahawks
Armour
 d - a +0 hat (worn)
 f - +1 fire dragon scales (worn)
 w - a +1 pair of boots (worn)
 K - a +3 scale mail
 N - a +0 cloak of poison resistance (worn)
Jewellery
 x - an uncursed ring of poison resistance
 I - a ring of see invisible (right hand)
 J - an uncursed ring of protection from magic
 R - an amulet of harm (around neck)
 T - a +5 ring of strength (left hand)
 W - an uncursed amulet of faith
 Z - an uncursed amulet of magic regeneration
Wands
 v - a wand of digging (35)
 A - a wand of flame (58)
 G - a wand of iceblast (19)
 M - a wand of polymorph (41)
 U - a wand of acid (25)
 X - a wand of paralysis (7)
Scrolls
 e - 5 scrolls of teleportation
 i - 3 scrolls of identify {@r1}
 k - 5 scrolls of fog
 y - 2 scrolls of enchant weapon
 B - 3 scrolls of remove curse {@r2}
 L - 2 scrolls of fear {unknown}
 P - 2 scrolls of immolation
Potions
 g - a potion of haste {unknown}
 h - 6 potions of heal wounds
 j - a potion of might {unknown}
 l - 3 potions of brilliance
 m - a potion of agility {unknown}
 o - 6 potions of curing {@q1}
 r - 2 potions of mutation
 s - a potion of invisibility {unknown}
 t - 3 potions of resistance
 z - 2 potions of ambrosia {unknown}
 V - a potion of cancellation {unknown}
Comestibles
 c - 19 rations
 Q - 9 chunks of flesh


   Skills:
 + Level 12.8 Fighting
 + Level 12.8 Long Blades
 + Level 12.6 Armour
 + Level 11.7 Dodging


You had 11 spell levels left.
You didn't know any spells.

Dungeon Overview and Level Annotations

Branches:
Dungeon (13/15)            Temple (0/1) D:4            Lair (0/6) D:10
    Orc (0/2) D:12
 Vaults: D:13-14

Altars:
Ashenzari
Gozag
Hepliaklqana
Kikubaaqudgha
Makhleb
Okawaru
Ru
Sif Muna
Vehumet
Xom
Yredelemnul
Zin
The Shining One

Shops:
D:8 *   D:9 !   D:10 *   D:12 (


Innate Abilities, Weirdness & Mutations

You reflexively headbutt those who attack you in melee.
You have a pair of horns on your head.


Message History

The wizard gestures at you while chanting.
The orb of energy hits you!
* * * LOW HITPOINT WARNING * * *
The orb of energy explodes!
You hear a shout!
You are too berserk!
You feel a strong urge to attack something.
You are no longer berserk.
Trog's vigour flows through your veins.
You are exhausted.
You feel yourself slow down.
The wizard points at you and mumbles some strange words.
The fireball explodes!
The fireball engulfs you! You resist.
* * * LOW HITPOINT WARNING * * *
You hear a shout!
Things that are here:
a flail; a leather armour; an orc corpse The wizard points at you and mumbles some strange words.
The orb of energy hits you!
You die...

... #.# #.# ### ####.#
#.. ....#
#.##########..#
#.#.)(pp...#..########
##.#(######p#.p.@.....#
#.[.......#.#p######.##
#.(#..........)†÷....#
...#........#.#####..#
...#.####.###.# #..#
...#.####.###.# #..#
...#.##..[.##.### #..#
...#.##.#.......# #..#
..........>...#.# #..#


You could see a wizard and a human.

Vanquished Creatures
  A vault guard (D:13)
  A hydra (D:11)
  A death knight (D:12)
  2 two-headed ogres
  A skeletal warrior (D:12)
  2 unseen horrors
  The ghost of leemajors the Cleaver, a novice HOFi of Dithmenos (D:5)
  A phantasmal warrior (D:12)
  2 ugly things
  A cyclops (D:13)
  Maurice (D:12)
  An ice statue (D:12)
  A gargoyle (D:13)
  A freezing wraith (D:12)
  A komodo dragon (D:13)
  A yaktaur (D:13)
  6 ice devils (D:12)
  3 trolls
  A merfolk (D:13)
  Prince Ribbit (D:5)
  3 hornets
  A meliai zombie (D:10)
  2 hippogriffs (D:11)
  A shadow (D:12)
  A wraith (D:12)
  A vampire (D:12)
  Grum (D:8)
  10 yaks
  12 humans (D:13)
  3 wargs (D:10)
  A water moccasin (D:8)
  An acid dragon (D:11)
  2 sky beasts
  2 orc warriors
  An eye of draining (D:13)
  2 phantoms
  4 centaurs
  3 wolves
  6 ogres
  3 crocodiles
  Blork the orc (D:6)
  2 bullfrogs
  3 wyvern zombies
  8 killer bees (D:9)
  An electric eel (D:10)
  2 howler monkeys (D:12)
  6 crimson imps
  3 bullfrog zombies
  A quasit (D:11)
  4 orc priests
  3 iron imps (D:7)
  11 orc wizards
  2 centaur skeletons
  9 hounds
  2 jellies
  2 bullfrog skeletons
  2 iguanas
  Natasha (thrice) (D:2)
  10 worker ants
  2 hound skeletons
  A howler monkey zombie (D:11)
  5 gnolls
  13 adders
  5 shadow imps
  6 ufetubi (D:12)
  An adder skeleton (D:4)
  3 worms
  3 dart slugs
  7 leopard geckos
  45 orcs
  2 ball pythons
  5 bats
  7 giant cockroaches
  2 gnoll zombies (D:9)
  6 goblins
  8 hobgoblins
  6 jackals
  A quokka (D:3)
  9 frilled lizards
  10 kobolds
  6 rats
318 creatures vanquished.

Vanquished Creatures (others)
  A human (D:3)
1 creature vanquished.

Grand Total: 319 creatures vanquished

Notes
Turn   | Place    | Note
-------+----------+-------------------------------------------
     0 | D:1      | b5mith the Minotaur Berserker began the quest for the Orb.
     0 | D:1      | Reached XP level 1. HP: 19/19 MP: 0/0
   306 | D:1      | Reached XP level 2. HP: 21/27 MP: 1/1
  1064 | D:2      | Reached ** piety under Trog
  1065 | D:2      | Reached XP level 3. HP: 33/33 MP: 2/2
  1276 | D:2      | Found a hazy altar of Hepliaklqana.
  1313 | D:2      | Noticed Natasha
  1321 | D:2      | Killed Natasha
  1335 | D:2      | Reached XP level 4. HP: 22/40 MP: 3/3
  1578 | D:2      | Noticed Natasha
  1582 | D:2      | Killed Natasha
  1728 | D:2      | Reached XP level 5. HP: 47/47 MP: 4/4
  1951 | D:2      | Noticed Natasha
  1962 | D:2      | Killed Natasha
  2155 | D:3      | Found an ancient bone altar of Kikubaaqudgha.
  2173 | D:3      | Noticed a human
  2175 | D:3      | Killed a human
  2336 | D:3      | Reached *** piety under Trog
  2595 | D:4      | Reached skill level 5 in Fighting
  2781 | D:4      | Found a staircase to the Ecumenical Temple.
  2811 | D:4      | Reached skill level 5 in Long Blades
  2856 | D:4      | Found a glowing silver altar of Zin.
  2869 | D:4      | Reached XP level 6. HP: 56/56 MP: 5/5
  2951 | D:4      | Found a sacrificial altar of Ru.
  2998 | D:4      | Found an opulent altar of Gozag.
  2998 | D:4      | Found a glowing golden altar of the Shining One.
  3187 | D:5      | Entered Level 5 of the Dungeon
  3194 | D:5      | Noticed Prince Ribbit
  3245 | D:5      | Noticed leemajors's ghost (novice HOFi)
  3258 | D:5      | Killed leemajors's ghost
  3258 | D:5      | Reached skill level 5 in Armour
  3258 | D:5      | Reached skill level 5 in Dodging
  3258 | D:5      | Reached XP level 7. HP: 56/63 MP: 6/6
  3534 | D:5      | Found a radiant altar of Vehumet.
  3596 | D:5      | Reached XP level 8. HP: 55/71 MP: 7/7
  3816 | D:5      | Killed Prince Ribbit
  4323 | D:6      | Reached **** piety under Trog
  4597 | D:6      | Found a shattered altar of Ashenzari.
  5251 | D:6      | Noticed Blork the orc
  5261 | D:6      | Killed Blork the orc
  5365 | D:7      | Reached XP level 9. HP: 58/81 MP: 8/8
  5929 | D:7      | Found a shimmering altar of Xom.
  5931 | D:7      | Found a shimmering altar of Xom.
  6213 | D:7      | Found a shimmering altar of Xom.
  6213 | D:7      | Found a shimmering altar of Xom.
  6499 | D:7      | Found a burning altar of Makhleb.
  6852 | D:8      | Noticed Grum
  6872 | D:7      | HP: 4/82 [wolf[Grum] (7)]
  7220 | D:8      | Killed Grum
  7633 | D:8      | Found Imepa's Assorted Antiques.
  7638 | D:8      | Bought an embroidered cloak for 225 gold pieces
  7721 | D:8      | Found a deep blue altar of Sif Muna.
  7960 | D:9      | Found Foriaqocymn's Distillery.
  7996 | D:9      | Found a basalt altar of Yredelemnul.
  8646 | D:9      | Found an iron altar of Okawaru.
  8902 | D:10     | Entered Level 10 of the Dungeon
  8944 | D:10     | Reached XP level 10. HP: 91/91 MP: 9/9
  9111 | D:10     | Reached ***** piety under Trog
  9113 | D:10     | Noticed a two-headed ogre
  9125 | D:10     | Killed a two-headed ogre
  9156 | D:10     | Reached skill level 10 in Fighting
  9171 | D:10     | Reached skill level 10 in Long Blades
  9397 | D:10     | Found Ammeampi's Assorted Antiques.
  9412 | D:10     | Bought an encrusted falchion for 216 gold pieces
  9412 | D:10     | Identified the cursed +0 falchion "Viatia" {slice, *Rage +Inv rPois rN++} (You bought it in a shop on level 10 of the Dungeon)
  9480 | D:10     | Received a gift from Trog
  9825 | D:10     | Found a staircase to the Lair.
 10083 | D:10     | Reached skill level 10 in Armour
 10941 | D:11     | Reached XP level 11. HP: 83/101 MP: 10/10
 11017 | D:11     | Noticed a cyan ugly thing
 11027 | D:11     | Killed a cyan ugly thing
 11152 | D:11     | Noticed an eight-headed hydra
 11164 | D:11     | Killed a 12-headed hydra
 11986 | D:12     | Noticed Maurice
 11998 | D:12     | Killed Maurice
 12046 | D:12     | Reached skill level 10 in Dodging
 12235 | D:12     | Noticed an unseen horror
 12239 | D:12     | Killed an unseen horror
 12517 | D:12     | Noticed a white ugly thing
 12529 | D:12     | Killed a white ugly thing
 12759 | D:12     | Noticed a two-headed ogre
 12764 | D:12     | Killed a two-headed ogre
 13142 | D:12     | HP: 5/104 [ice devil (16)]
 13870 | D:12     | Found a staircase to the Orcish Mines.
 14085 | D:12     | Received a gift from Trog
 14361 | D:12     | Noticed a death knight
 14363 | D:12     | Noticed a phantasmal warrior
 14367 | D:12     | Killed a death knight
 14367 | D:12     | Reached XP level 12. HP: 112/112 MP: 11/11
 14611 | D:12     | Found Caxt's Weapon Emporium.
 15423 | D:13     | Noticed a vault guard
 15443 | D:13     | Killed a vault guard
 15451 | D:13     | HP: 2/113 [wizard/fireball (7)]
 15457 | D:13     | Killed from afar by a wizard

Vault maps used:
D:1:      minmay_arrival_split_and_join, hangedman_abyss_or_decor_stabs,
          hangedman_decor_riveting, minmay_bisected
D:2:      lemuel_coloured_pillars_altar, first_ration, uniq_natasha
D:3:      serial_curves, eino_curves_03, eino_curves_02, eino_curves_01,
          tgw_kikubaaqudgha, uniq_crazy_yiuf_cottage
D:4:      nicolae_overflow_crystal_walls, gammafunk_temple_overflow_statue,
          zin_statuary, minmay_temple_entry_statues_fountains,
          grunt_ministairs_15
D:5:      basic_altar, water_boxes_lemuel, uniq_prince_ribbit1
D:6:      ashenzari_altar_1, uniq_blork_the_orc
D:7:      demons_altar, serial_co_window_serial, co_window_corner_a,
          co_window_corner_a, co_window_paths_a, co_window_of_opportunity_a,
          co_window_cross_1, co_window_broadway_b, co_window_unsneaky_path_b,
          co_window_unsneaky_path_c, co_window_broadway_c, xom_shifter_show
D:8:      serial_shops, shop, tgw_sif, uniq_grum
D:9:      okawaru_altar_gauntlet_db, lemuel_zombie_altar_yredelemnul,
          serial_shops, nicolae_shop_trees
D:10:     erik_lair_orcish_takeover, serial_shops, nicolae_shop_stone
D:12:     cheibrodos_frozen_isle, serial_shops, kennysheep_mini_moat,
          uniq_maurice
D:13:     grunt_vaults_entry_tiered, portal_ice_cave_entry_pillars_2,
          serial_shops, shop, hangedman_stone_soup, minmay_misc_feat_alley,
          minmay_nine_imps

Skill      XL: |  1  2  3  4  5  6  7  8  9 10 11 12 |
---------------+-------------------------------------+-----
Fighting       | 4 5 6 7 9 10 12 | 12.8
Long Blades    | 4 5 6 7 9 10 12 | 12.8
Armour         | 3 4 5 6 7 8 10 11 12 | 12.6
Dodging        | 3 5 6 8 9 10 11 | 11.7

Action                   |  1- 3 |  4- 6 |  7- 9 | 10-12 || total
-------------------------+-------+-------+-------+-------++-------
Melee: Falchion          |    48 |    70 |   206 |   385 ||   709
       Headbutt          |    11 |    12 |    47 |   117 ||   187
 Fire: Hunting sling     |       |    65 |   187 |   437 ||   689
Throw: Stone             |       |     1 |     7 |       ||     8
Invok: Berserk           |       |     1 |     3 |     8 ||    12
Evoke: Wand              |       |       |     1 |     2 ||     3
  Use: Scroll            |       |       |     7 |    14 ||    21
       Potion            |       |       |       |     3 ||     3
 Stab: Sleeping          |     1 |       |       |       ||     1
  Eat: Chunk             |     1 |     6 |    15 |    21 ||    43
       Ration            |       |       |     2 |     2 ||     4
Armor: Animal skin       |     4 |       |       |       ||     4
       Ring mail         |       |    24 |    43 |       ||    67
       Fire dragon scale |       |       |    39 |   154 ||   193
Dodge: Dodged            |    32 |    61 |   194 |   274 ||   561
       Rpst.: Falchion   |     8 |    15 |    35 |    60 ||   118

Table legend:
 A = Spawn XP
 B = Non-spawn XP
 C = Spawn XP percentage of total XP
 D = Spawn monster count
 E = Non-spawn monster count
 F = Spawn count percentage of total count
 G = Total turns spent on level
                    A         B        C        D         E        F      G
               +---------+---------+-------+---------+---------+-------+---------
         Total |       0 |   30710 |   0.0 |       0 |     318 |   0.0 | 15457
               +---------+---------+-------+---------+---------+-------+---------
           D:1 |       0 |      30 |   0.0 |       0 |      20 |   0.0 |  1020
           D:2 |       0 |     223 |   0.0 |       0 |      25 |   0.0 |  1018
           D:3 |       0 |      48 |   0.0 |       0 |      15 |   0.0 |   552
           D:4 |       0 |     150 |   0.0 |       0 |      14 |   0.0 |   597
           D:5 |       0 |    1744 |   0.0 |       0 |      28 |   0.0 |  1103
           D:6 |       0 |     628 |   0.0 |       0 |      15 |   0.0 |  1369
           D:7 |       0 |    1049 |   0.0 |       0 |      25 |   0.0 |  1545
           D:8 |       0 |     520 |   0.0 |       0 |       4 |   0.0 |   752
           D:9 |       0 |     825 |   0.0 |       0 |      29 |   0.0 |  1153
          D:10 |       0 |    3836 |   0.0 |       0 |      47 |   0.0 |  1420
          D:11 |       0 |    3973 |   0.0 |       0 |      24 |   0.0 |  1445
          D:12 |       0 |   10597 |   0.0 |       0 |      43 |   0.0 |  2779
          D:13 |       0 |    7087 |   0.0 |       0 |      29 |   0.0 |   704
               +---------+---------+-------+---------+---------+-------+---------
